 Dungeon Crawl Stone Soup version 0.23.0-2-g0fe3ce5 (webtiles) character file.

Game seed: 11653801737596735129

195 MalarOregon the Chiller (level 5, -4/35 HPs)
             Began as a Merfolk Ice Elementalist on Feb 19, 2019.
             Slain by a small abomination (10 damage)
             ... summoned by miscasting Summon Ice Beast
             ... on level 3 of the Dungeon.
             The game lasted 00:05:09 (3101 turns).

MalarOregon the Chiller (Merfolk Ice Elementalist)  Turns: 3101, Time: 00:05:10

Health: -4/35      AC:  2    Str:  9    XL:     5   Next: 74%
Magic:  2/8        EV: 13    Int: 15    God:
Gold:   72         SH:  0    Dex: 14    Spells: 3/8 levels left

rFire    . . .     SeeInvis .   o - +1 spear (venom)
rCold    . . .     Gourm    .   (no shield)
rNeg     . . .     Faith    .   a - +0 robe
rPois    .         Spirit   .   (no helmet)
rElec    .         Reflect  .   (no cloak)
rCorr    .         Harm     .   (no gloves)
MR       .....                  (no boots)
Stlth    ++........             (no amulet)
HPRegen  0.11/turn              g - ring of flight
MPRegen  0.11/turn              (no ring)

@: very slightly contaminated
A: change form in water, swift swim, stealthy swim
a: Evoke Flight


You were on level 3 of the Dungeon.
You were not hungry.

You visited 1 branch of the dungeon, and saw 3 of its levels.

You collected 72 gold pieces.

Inventory:

Hand Weapons
 o - a +1 spear of venom (weapon)
   (You took it off a gnoll on level 3 of the Dungeon)
Armour
 a - a +0 robe (worn)
Jewellery
 g - a ring of flight (left hand)
   (You found it on level 1 of the Dungeon)
Scrolls
 b - a scroll of blinking {unknown}
 c - a scroll of remove curse {unknown}
 d - 2 scrolls of identify {unknown}
 i - 3 scrolls of fog {unknown}
 j - a scroll of enchant armour {unknown}
 k - a scroll of fear {unknown}
Potions
 f - 2 potions of ambrosia {unknown}
 l - a potion of cancellation {unknown}
 m - a potion of degeneration {unknown}
Comestibles
 e - 7 rations {!d}
 h - 8 chunks of flesh


   Skills:
 - Level 2.6 Dodging
 - Level 2.1 Stealth
 - Level 2.0 Spellcasting
   Level 0.7 Conjurations
 * Level 2.9 Summonings
 + Level 5.8 Ice Magic


You had 3 spell levels left.
You knew the following spells:

 Your Spells              Type           Power        Failure   Level  Hunger
a - Freeze                Ice            ###.         1%          1    #......
d - Summon Ice Beast      Ice/Summ       ##......     36%         4    #####..

Your spell library contained the following spells:

 Spells                   Type           Power        Failure   Level  Hunger
 Throw Frost              Conj/Ice       ##....       9%          2    ###....
 Ozocubu's Armour         Chrm/Ice       ##......     21%         3    ###....
 Throw Icicle             Conj/Ice       ##......     50%         4    #####..


Dungeon Overview and Level Annotations

Branches:
Dungeon (3/15)

Altars:
Ashenzari

Annotations:
D:3 1 runed translucent door, DungeonDestroyer's ghost, amateur MiFi


Message History

o - a +1 spear of venom (weapon)
You feel sick.
Drop what? 15/52 slots (_ for help) (? for menu, Esc to quit)
You drop a +0 halberd.
You swap places.
A gnoll is nearby!
You feel sick.
Attack whom?
Aim: a gnoll, wielding a +0 spear You reach to attack!
You hit the gnoll.
Your ice beast disappears in a puff of smoke!
The gnoll closely misses you.
Attack whom?
Aim: a gnoll, wielding a +0 spear (lightly wounded)
You reach to attack!
You hit the gnoll.
The gnoll is poisoned.
The gnoll hits you but does no damage.
The gnoll hits you from afar with a +0 spear.
Attack whom?
Aim: a gnoll, wielding a +0 spear (heavily wounded, poisoned)
You reach to attack!
You hit the gnoll.
The gnoll looks as sick as possible!
You feel sick.
The gnoll hits you from afar with a +0 spear.
* * * LOW HITPOINT WARNING * * *
You kill the gnoll!
Your magical contamination has completely faded away.
Things that are here:
a +0 halberd; a +0 dagger; an orc skeleton There isn't anything to butcher here.
You start resting.
You feel sick. x3
You are no longer poisoned.
You start resting.
The gnoll is too close now for your liking.
You miscast Summon Ice Beast.
You are very lightly contaminated with residual magic.
A chorus of moans calls out to you!
The gnoll shouts!
The gnoll misses you.
You hit the gnoll.
The gnoll is poisoned.
The small abomination barely misses you.
The gnoll misses you.
You hit the gnoll.
The gnoll looks as sick as possible!
The small abomination hits you!
* * * LOW HITPOINT WARNING * * *
The gnoll barely misses you.
Aim: a gnoll, wielding a +0 halberd (almost dead, poisoned)
You freeze the gnoll!
You kill the gnoll!
The small abomination completely misses you.
The small abomination hits you!
You die...

.. #.#### #.# #..... #.#
#####.#### #.#
#.........
#.#######..#...###
#.#....รท.........#
#.#####.#.#.####.#...#..
..........#.# #.##.####
#.####@#.#.# #.##.#
#xxx.#.#.# #.##.#
#.####.#.# #.##.# #.#
#.#.# #.##.# #.# #.#.#
#.##.# ##.####.... ..#
.g....##. ##..o....
#.##...g....


You could see 3 small abominations.

Vanquished Creatures
  An orc priest (D:3)
  7 gnolls (D:3)
  3 adders
  2 oozes
  A worm (D:2)
  3 dart slugs
  2 leopard geckos
  2 orcs (D:3)
  5 bats
  A giant cockroach (D:3)
  3 hobgoblins
  4 jackals (D:2)
  3 frilled lizards
  6 goblins
  3 kobolds
  6 rats
52 creatures vanquished.

Vanquished Creatures (collateral kills)
  A gnoll (D:3)
1 creature vanquished.

Grand Total: 53 creatures vanquished

Notes
Turn   | Place    | Note
-------+----------+-------------------------------------------
     0 | D:1      | MalarOregon the Merfolk Ice Elementalist began the quest
                  | for the Orb.
     0 | D:1      | Reached XP level 1. HP: 13/13 MP: 3/3
   444 | D:1      | Reached XP level 2. HP: 9/19 MP: 0/5
   612 | D:1      | Reached skill level 4 in Ice Magic
  1474 | D:2      | Found a shattered altar of Ashenzari.
  1476 | D:2      | Reached XP level 3. HP: 24/24 MP: 2/6
  1632 | D:2      | Reached skill level 5 in Ice Magic
  2137 | D:2      | Reached XP level 4. HP: 30/30 MP: 4/7
  2158 | D:2      | Learned a level 4 spell: Summon Ice Beast
  2314 | D:3      | Reached skill level 1 in Summonings
  2739 | D:3      | Reached XP level 5. HP: 29/35 MP: 4/8
  2902 | D:3      | Found a runed translucent door.
  2903 | D:3      | Noticed DungeonDestroyer's ghost (amateur MiFi)
  3097 | D:3      | Noticed a small abomination
  3097 | D:3      | Noticed a small abomination
  3101 | D:3      | Slain by a small abomination

Skill      XL: |  1  2  3  4 |
---------------+-------------+-----
Ice Magic      | 4 5 |  5.8
Summonings     | 2 |  2.9
Dodging        | |  2.6
Stealth        | |  2.1
Spellcasting   | |  2.0
Conjurations   | |  0.7

Action                   |  1- 3 |  4- 6 || total
-------------------------+-------+-------++-------
Melee: Unarmed           |    34 |       ||    34
       Short sword       |     4 |     1 ||     5
       Halberd           |       |    17 ||    17
       Spear             |       |     5 ||     5
 Cast: Freeze            |    50 |    37 ||    87
       Summon Ice Beast  |       |     1 ||     1
 Stab: Sleeping          |     2 |     1 ||     3
  Eat: Chunk             |     5 |     4 ||     9
Armor: Robe              |    10 |     8 ||    18
Dodge: Dodged            |    37 |    45 ||    82
